 Dungeon Crawl Stone Soup version 0.27.1-3-gb3d3a73c9e (webtiles) character file.

Game seed: 11400742671119654281

59 Elvor the Conjurer (level 3, -6/20 HPs)
             Began as a Deep Elf Conjurer on Oct 20, 2021.
             Engulfed by a cloud of flame (26 damage)
             ... on level 2 of the Dungeon.
             The game lasted 00:08:56 (1146 turns).

Elvor the Conjurer (Deep Elf Conjurer)              Turns: 1146, Time: 00:08:57

Health: -6/20      AC:  5    Str:  4    XL:     3   Next: 78%
Magic:  9/9        EV: 12    Int: 23    God:
Gold:   138        SH:  0    Dex: 13    Spells: 5/8 levels left

rFire    . . .     SeeInvis .   g - +0 short sword
rCold    . . .     Faith    .   (no shield)
rNeg     . . .     Spirit   .   a - +0 robe
rPois    .         Reflect  .   (no helmet)
rElec    .         Harm     .   (no cloak)
rCorr    .         Rampage  .   d - +2 pair of gloves
Will     .....                  (no boots)
Stlth    ++........             (no amulet)
HPRegen  0.06/turn              (no ring)
MPRegen  0.11/turn              (no ring)

@: no status effects
A: no striking features
a: no special abilities


You were on level 2 of the Dungeon.
You visited 1 branch of the dungeon, and saw 2 of its levels.

You collected 138 gold pieces.

Inventory:

Hand Weapons
 g - a +0 short sword (weapon)
Missiles
 b - 58 stones
Armour
 a - a +0 robe (worn)
 d - a +2 pair of gloves (worn)
Scrolls
 c - 4 scrolls of amnesia {unknown}
 h - 2 scrolls of fog {unknown}
 i - a scroll of immolation {unknown}
 j - a scroll of blinking {unknown}
 k - a scroll of identify {unknown}
Potions
 e - a potion of haste {unknown}
 f - a potion of might {unknown}


   Skills:
 * Level 1.1 Fighting
 + Level 2.5 Dodging
 + Level 2.5 Stealth
 + Level 3.3 Spellcasting
 + Level 5.4 Conjurations


You had 5 spell levels left.
You knew the following spells:

 Your Spells              Type           Power      Damage    Failure   Level
a - Magic Dart            Conj           100%       1d8       1%          1
b - Searing Ray           Conj           56%        3d5       1%          2

Your spell library contained the following spells:

 Spells                   Type           Power      Damage    Failure   Level
 Dazzling Flash           Conj/Hex       32%        N/A       11%         3
 Corona                   Hex            3%         N/A       12%         1
 Ensorcelled Hibernation  Hex/Ice        6%         N/A       17%         2
 Tukima's Dance           Hex            3%         N/A       34%         3
 Fulminant Prism          Conj/Hex       8%         3d7       36%         4
 Iskenderun's Mystic Bla  Conj/Tloc      16%        2d5       36%         4


Dungeon Overview and Level Annotations

Branches:
Dungeon (2/15)

Altars:
Cheibriados


Message History

h - 2 scrolls labelled KOAGOA COFUE (gained 1)
You open the door.
Found a faded altar of an unknown god.
There is an open door here.
Found a book of Maledictions.
You pick up a book of Maledictions and begin reading...
You add the spells Corona, Ensorcelled Hibernation and Tukima's Dance to your library.
Found a stone staircase leading up.
Found 9 gold pieces.
A goblin comes into view. It is wielding a +0 dagger.
The goblin shouts!
Aiming: Magic Dart (safe; 1% risk of failure)
Press: ? - help, Q - select action, (/) - cycle Shift-Dir - straight line, f - goblin
Aim: a goblin, wielding a +0 dagger (100% to hit)
The magic dart hits the goblin!
You kill the goblin!
You now have 138 gold pieces (gained 9).
Found a stone staircase leading up.
Found a scroll labelled VUOKHL UJAEJE.
Found a stone staircase leading down.
A rat comes into view.
Aiming: Magic Dart (safe; 1% risk of failure)
Press: ? - help, Q - select action, (/) - cycle Shift-Dir - straight line, f - rat
Aim: a rat (asleep, 100% to hit)
You can't see any item there.
The magic dart hits the rat.
You kill the rat!
k - a scroll labelled VUOKHL UJAEJE
Found a quokka skeleton and 9 gold pieces.
Found 11 gold pieces.
Found 24 stones.
Found 10 gold pieces.
Found a stone staircase leading down.
b - 58 stones (gained 24)
Found 19 bolts.
You see here 19 bolts.
Really walk into a travel-excluded area?
Really walk into a travel-excluded area?
You are engulfed in blazing flames.
Ouch! That really hurt!
You die...

#......######...#.##
#.####........#.....
#.# ##...########.#
#.# #○°§# #.. #.#
#☼§§# #####. #.#
#§§§# #..##.
#.#####...######..##
#(.○§§.$.$.§☼§..#...
#..@§§.....§§.......
##.°○§...$..☼§..####
######...#####.###.
#☼○§# #..... #☼☼§#
#..... #§§§# #.....
#...#####.....
#.............
#####.........


There were no monsters in sight!

Vanquished Creatures
  2 dart slugs (D:1)
  A ball python (D:1)
  5 bats
  6 endoplasms (D:1)
  5 goblins
  8 hobgoblins
  9 jackals
  2 kobolds (D:1)
  A frilled lizard (D:1)
  5 rats
44 creatures vanquished.

Vanquished Creatures (others)
  A quokka (D:2)
1 creature vanquished.

Grand Total: 45 creatures vanquished

Notes
Turn   | Place    | Note
-------+----------+-------------------------------------------
     0 | D:1      | Elvor the Deep Elf Conjurer began the quest for the Orb.
     0 | D:1      | Reached XP level 1. HP: 10/10 MP: 6/6
   164 | D:1      | Reached XP level 2. HP: 14/15 MP: 2/8
   167 | D:1      | Learned a level 2 spell: Searing Ray
   251 | D:1      | Reached skill level 5 in Conjurations
   375 | D:1      | Reached XP level 3. HP: 20/20 MP: 4/9
   696 | D:1      | Reached skill level 1 in Fighting
   781 | D:2      | Found a snail-covered altar of Cheibriados.
   963 | D:2      | Found a faded altar of an unknown god.
  1146 | D:2      | Engulfed by a cloud of flame

Illustrated notes

Levels and vault maps discovered:
D:1:      amcnicky_arrival_choice, layout_basic
D:2:      layout_rooms, basic_altar, hellmonk_ecumenical_altar_arch_garden,
          roderic_serpentine_path, lemuel_flame_loot_1

Skill      XL: |  1  2  3 |
---------------+----------+-----
Conjurations   | 5 |  5.4
Fighting       | 1 |  1.1
Dodging        | |  2.5
Stealth        | |  2.5
Spellcasting   | |  3.3

Action                   || total
-------------------------++-------
Melee: Unarmed           ||     2
 Cast: Magic Dart        ||    64
       Searing Ray       ||     3
Dodge: Dodged            ||     5
